 Dungeon Crawl Stone Soup version 0.29-a0-359-g541a27f54d (webtiles) character file.

Game seed: 14151730238459399936

438 enile the Chiller (level 7, 0/52 HPs)
             Began as a Merfolk Ice Elementalist on Apr 27, 2022.
             Was a Follower of Vehumet.
             Slain by a gnoll sergeant
             ... wielding a +0 trident
              (13 damage)
             ... on level 4 of the Dungeon.
             The game lasted 00:07:53 (5876 turns).

enile the Chiller (Merfolk Ice Elementalist)        Turns: 5876, Time: 00:07:53

Health: 0/52       AC:  3    Str:  8    XL:     7   Next: 1%
Magic:  12/13      EV: 14    Int: 17    God:    Vehumet [*.....]
Gold:   124        SH:  0    Dex: 14    Spells: 9/14 levels left

rFire   . . .      SeeInvis .   g - +0 falchion
rCold   . . .      Faith    .   (no shield)
rNeg    . . .      Spirit   .   a - +1 robe
rPois   +          Reflect  .   (no helmet)
rElec   .          Harm     .   (no cloak)
rCorr   .          Rampage  .   (no gloves)
Will    .....                   (no boots)
Stlth   +++.......              q - amulet of regeneration
HPRegen 0.17/turn               k - ring of poison resistance
MPRegen 0.13/turn               (no ring)

@: no status effects
A: (nimble swimmer 2), mertail
a: Renounce Religion


You were on level 4 of the Dungeon.
You worshipped Vehumet.
Vehumet was aware of your devotion.
You visited 1 branch of the dungeon, and saw 4 of its levels.

You collected 124 gold pieces.

Inventory:

Hand Weapons
 f - a +0 hand axe
 g - a +0 falchion (weapon)
 h - a +0 short sword
Armour
 a - a +1 robe (worn)
Jewellery
 e - an amulet of faith
 k - a ring of poison resistance (left hand)
 q - an amulet of regeneration (around neck)
Wands
 m - a wand of charming (1)
Scrolls
 c - a scroll of immolation
 i - a scroll of enchant weapon
 j - a scroll of amnesia
 l - a scroll of fog
 n - a scroll of silence
 o - a scroll of noise {unknown}
 r - a scroll of magic mapping {unknown}
 u - a scroll of brand weapon {unknown}
Potions
 b - a potion of magic
 d - a potion of berserk rage {unknown}
 p - a potion of might {unknown}


   Skills:
 - Level 3.0 Fighting
 - Level 5.0 Dodging
 - Level 4.0 Stealth
 - Level 4.0 Spellcasting
 - Level 5.0 Ice Magic
 + Level 1.1 Evocations


You had 9 spell levels left.
You knew the following spells:

 Your Spells              Type           Power      Damage    Failure   Level
a - Freeze                Ice            80%        1d9       1%          1
b - Frozen Ramparts       Ice            40%        1d6       6%          3
c - Magic Dart            Conj           12%        1d3       16%         1

Your spell library contained the following spells:

 Spells                   Type           Power      Damage    Failure   Level
 Shock                    Conj/Air       12%        1d3       16%         1
 Ozocubu's Armour         Ice            20%        N/A       6%          3
 Hailstorm                Conj/Ice       11%        3d5       50%         4


Dungeon Overview and Level Annotations

Branches:
Dungeon (4/15)
 Temple: D:4-7

Altars:
Vehumet

Annotations:
D:3 Grinder


Innate Abilities, Weirdness & Mutations

((You are very nimble when in or above water. (Stealth+, EV+, Speed+++)))
Your lower body shifts to a powerful aquatic tail in water.


Message History

A gnoll sergeant is nearby!
You start resting.
There are monsters nearby!
There are monsters nearby!
There are monsters nearby!
Okay, then.
The gnoll shouts!
You hear a shout!
Okay, then.
You start putting on your amulet.
You continue putting on your amulet of regeneration. x5
The gnoll hits you with a +0 flail!
You finish putting on your amulet of regeneration.
The amulet cannot attune itself to your injured body.
q - an amulet of regeneration (around neck)
You hit the gnoll.
The gnoll is lightly wounded.
The gnoll completely misses you.
You barely miss the gnoll.
The gnoll is lightly wounded.
The gnoll closely misses you. The gnoll sergeant barely misses you.
The gnoll misses you.
Casting: Frozen Ramparts (dangerous; 6% risk of failure)
Confirm with . or Enter, or press ? or * to list all spells.
Aiming: Freeze (safe; 1% risk of failure)
Press: ? - help, Shift-Dir - straight line, f - gnoll
Aim: a gnoll, wielding a +0 flail (lightly wounded)
You freeze the gnoll.
The gnoll is heavily wounded.
The gnoll shouts!
The gnoll sergeant hits you from afar with a +0 trident.
* * * LOW HITPOINT WARNING * * *
The gnoll hits you with a +0 flail.
* * * LOW HITPOINT WARNING * * *
Okay, then.
Aiming: Charm
Press: ? - help, Shift-Dir - straight line, f/p - gnoll
Aim: a gnoll, wielding a +0 flail (heavily wounded, chance to affect: 60%)
The gnoll resists with significant effort.
The gnoll sergeant hits you from afar with a +0 trident!
You die...

### .# ###@######
#######.. ##..g..#..#
#........
#...g.....## ........
##.........## .......
#....).....###......
##..g.##.....##......
#....)#.......)<....#
##..................#
###.........#........


You could see a gnoll sergeant and 2 gnolls.

Vanquished Creatures
  A steam dragon (D:4)
  A hound (D:3)
  2 orc priests
  Natasha (thrice) (D:3)
  3 adders
  An ufetubus (D:2)
  2 worms (D:2)
  2 dart slugs
  5 orcs
  3 ball pythons
  10 endoplasms
  2 giant cockroaches
  5 goblins
  10 hobgoblins
  3 quokkas
  5 bats
  6 frilled lizards
  4 kobolds
  6 rats
74 creatures vanquished.

Vanquished Creatures (collateral kills)
  A hound (D:4)
  An endoplasm (D:4)
2 creatures vanquished.

Vanquished Creatures (others)
  A gnoll (D:4)
  A bat (D:3)
2 creatures vanquished.

Grand Total: 78 creatures vanquished

Notes
Turn   | Place    | Note
-------+----------+-------------------------------------------
     0 | D:1      | enile the Merfolk Ice Elementalist began the quest for the
                  | Orb.
     0 | D:1      | Reached XP level 1. HP: 13/13 MP: 3/3
   396 | D:1      | Reached XP level 2. HP: 12/19 MP: 0/5
   538 | D:1      | Reached skill level 5 in Ice Magic
   799 | D:1      | Reached XP level 3. HP: 8/24 MP: 6/6
  1606 | D:2      | Learned a level 3 spell: Frozen Ramparts
  1854 | D:2      | Found a faded altar of an unknown god.
  2044 | D:2      | Prayed at the altar of an unknown god.
  2044 | D:2      | Became a worshipper of Vehumet
  2044 | D:2      | Reached * piety under Vehumet
  2044 | D:2      | Offered knowledge of Magic Dart by Vehumet.
  2098 | D:2      | Reached XP level 4. HP: 25/30 MP: 6/9
  2916 | D:2      | Learned a level 1 spell: Magic Dart
  2920 | D:3      | Noticed Grinder
  3274 | D:3      | Noticed Natasha
  3735 | D:3      | HP: 1/30 [Grinder (6)]
  4004 | D:3      | Killed Natasha
  4053 | D:3      | Noticed Natasha
  4061 | D:3      | Reached XP level 5. HP: 32/35 MP: 8/11
  4072 | D:3      | Killed Natasha
  4073 | D:3      | Noticed Natasha
  4080 | D:3      | Killed Natasha
  4251 | D:3      | Reached skill level 5 in Dodging
  4634 | D:3      | Reached skill level 1 in Fighting
  4796 | D:3      | Reached XP level 6. HP: 7/44 MP: 12/12
  5384 | D:4      | Noticed a steam dragon
  5647 | D:4      | Offered knowledge of Shock by Vehumet.
  5695 | D:4      | Killed a steam dragon
  5799 | D:4      | Reached skill level 1 in Evocations
  5799 | D:4      | Reached XP level 7. HP: 13/52 MP: 10/13
  5876 | D:4      | Slain by a gnoll sergeant

Illustrated notes

Levels and vault maps discovered:
D:1:      dpeg_arrival_fog, layout_rooms
D:2:      layout_loops_ring, shapermc_ecumenical_altar_notcrosses
D:3:      layout_rooms, uniq_natasha, uniq_grinder
D:4:      layout_cave_pools, minmay_misc_feat_plants

Skill      XL: |  1  2  3  4  5  6 |
---------------+-------------------+-----
Ice Magic      | 5 |  5.0
Spellcasting   | 3 4 |  4.0
Dodging        | 3 5 |  5.0
Fighting       | 2 3 |  3.0
Stealth        | 4 |  4.0
Evocations     | 1 |  1.1

Action                   |  1- 3 |  4- 6 |  7- 9 || total
-------------------------+-------+-------+-------++-------
Melee: Unarmed           |     6 |       |       ||     6
       Punch             |     2 |       |       ||     2
       Hand axe          |    25 |       |       ||    25
       Short sword       |    27 |    93 |       ||   120
       Falchion          |       |    15 |     2 ||    17
 Cast: Freeze            |    39 |    33 |     1 ||    73
       Frozen Ramparts   |       |     4 |       ||     4
Evoke: Wand              |       |     1 |     1 ||     2
  Use: Scroll            |     1 |     8 |       ||     9
       Potion            |       |     9 |       ||     9
 Stab: Sleeping          |     3 |     5 |       ||     8
Armor: Robe              |    14 |    27 |       ||    41
Dodge: Dodged            |    62 |   112 |     4 ||   178

Table legend: (Time is in decaauts)
 A = Elapsed time spent in this place.
 B = Non-inter-level travel time spent in this place.
 C = Inter-level travel time spent in this place.
 D = Time resting spent in this place.
 E = Time spent auto-exploring this place.
 F = Levels seen in this place.
 G = Mean time per level.
                   A        B        C        D        E       F      G
               +--------+--------+--------+--------+--------+-----+--------+
         Total |   5936 |   5812 |    124 |   1684 |   3379 |   4 | 1484.0 |
       Dungeon |   5936 |   5812 |    124 |   1684 |   3379 |   4 | 1484.0 |
               +--------+--------+--------+--------+--------+-----+--------+

Top non-repeatable levels by time:
     D:2: 2580 daAuts
     D:3: 1700 daAuts
     D:1: 1185 daAuts
     D:4: 469 daAuts
